 Dungeon Crawl Stone Soup version 0.31-a0-174-g85c54bcb58 (webtiles) character file.

Game seed: 14569705248366261313

135 qw the Chopper (level 5, -1/32 HPs)
             Began as a Gargoyle Fighter on June 15, 2023.
             Slain by Grinder (5 damage)
             ... on level 3 of the Dungeon.
             The game lasted 00:01:08 (2041 turns).

qw the Chopper (Gargoyle Fighter)                   Turns: 2041, Time: 00:01:08

Health: -1/32      AC: 13    Str: 21    XL:     5   Next: 18%
Magic:  5/5        EV:  9    Int:  9    God:
Gold:   76         SH:  4    Dex:  9    Spells: 4/4 levels left

rFire   . . .        Y - +1 war axe
rCold   . . .        c - +0 buckler
rNeg    + . .        b - +0 scale mail
rPois   inf          j - +0 helmet
rElec   +            f - +0 cloak
rCorr   .            (no gloves)
SInv    .            (no boots)
Will    .....        (no amulet) Stlth
                     (no ring)
HPRegen 0.25/turn    (no ring)
MPRegen 0.09/turn

%: no passive effects
@: no status effects
A: sickness immunity, AC +4, negative energy resistance 1, electricity
resistance, torment resistance 1, petrification resistance
a: no special abilities


You were on level 3 of the Dungeon.
You visited 1 branch of the dungeon, and saw 3 of its levels.

You collected 76 gold pieces.


Innate Abilities, Weirdness & Mutations

You are immune to sickness and miasma.
Your stone body is resilient. (AC +4)
You are immune to poison.
You resist negative energy. (rN+)
You are resistant to electric shocks. (rElec)
You are resistant to unholy torment.
You are immune to petrification.


   Skills:
 - Level 3.2 Fighting
 + Level 4.7 Axes
 - Level 3.2 Armour
 - Level 3.2 Shields


You had 4 spell levels left.
You didn't know any spells.
Your spell library was empty.

Inventory:

Hand Weapons
 h - a +0 mace
 Y - a +1 war axe (weapon)
Missiles
 l - 4 boomerangs (quivered)
Armour
 b - a +0 scale mail (worn)
 c - a +0 buckler (worn)
 f - a +0 cloak (worn)
 j - a +0 helmet (worn)
Jewellery
 e - a ring of fire
 k - a ring of ice
Potions
 a - a potion of lignification {unknown}
 d - a potion of might
 g - a potion of curing {unknown}
 p - a potion of berserk rage {unknown}

Dungeon Overview and Level Annotations

Branches:
Dungeon (3/15)

Altars:
Makhleb

Shops:
D:2 (   D:3 =

Annotations:
D:3 Grinder


Message History

2022 ||| FLEEEEING.
2023 ||| FLEEEEING.
2024 ||| FLEEEEING.
2025 ||| FLEEEEING.
2026 ||| FLEEEEING.
Grinder gestures at you.
You suddenly lose the ability to move!
Grinder gestures at you.
You barely resist. Grinder gestures at you. Pain shoots through your body!
You can move again.
Grinder hits you but does no damage.
You hit Grinder.
Grinder is lightly wounded.
Grinder barely misses you.
You closely miss Grinder.
Grinder is lightly wounded.
Grinder hits you but does no damage. x2
You barely miss Grinder.
Grinder is lightly wounded.
Grinder hits you.
You closely miss Grinder. Grinder hits you but does no damage.
You hit Grinder.
Grinder is lightly wounded.
Grinder hits you! Grinder hits you but does no damage.
You slash Grinder!
Grinder is moderately wounded.
Grinder barely misses you.
You hit Grinder but do no damage.
Grinder is moderately wounded.
Grinder hits you!
You slash Grinder!
Grinder is heavily wounded.
Grinder hits you.
You writhe in agony.
Grinder hits you but does no damage.
You slash Grinder!
Grinder is almost dead.
Grinder hits you.
You die...

. .. ...### ....# #..####
#....### ####.5.## #
###@.#####.# ##...#...#
#########>..# #. ##...
#........)..####.#..... #.
#..................... #.#
#..........###>... ..## #.#
#............<....##..# #.#
#................##....
####.###..........####........


You could see Grinder.

Vanquished Creatures
  A sleepcap (D:2)
  5 adders
  A worm (D:2)
  A dart slug (D:2)
  7 endoplasms
  3 giant cockroaches
  8 goblins
  2 hobgoblins
  2 jackals (D:1)
  4 quokkas
  7 ball pythons
  10 bats
  2 frilled lizards (D:1)
  5 kobolds
  A rat (D:1)
59 creatures vanquished.

Notes
Turn   | Place    | Note
-------+----------+-------------------------------------------
     0 | D:1      | qw the Gargoyle Fighter began the quest for the Orb.
     0 | D:1      | Reached XP level 1. HP: 14/14 MP: 1/1
     0 | D:1      | 0 ||| qw: Version: 0.2-a-29-g511e9b1
     0 | D:1      | 0 ||| qw: Game counter: 5578
     0 | D:1      | 0 ||| qw: Always use a shield: true
     0 | D:1      | 0 ||| qw: God list: Okawaru
     0 | D:1      | 0 ||| qw: Allow faded altars: false
     0 | D:1      | 0 ||| qw: Do Orc after D:15 true
     0 | D:1      | 0 ||| qw: Do second Lair branch before Depths: true
     0 | D:1      | 0 ||| qw: Lair rune preference: random
     0 | D:1      | 0 ||| qw: Plans: Normal, Zot:1-4, Slime:5, God:TSO, Crypt,
                  | Tomb, Abyss, Pan, Hells, Win
     0 | D:1      | 0 ||| PLANNING D:1-11
    24 | D:1      | Reached skill level 2 in Axes
   169 | D:1      | Reached XP level 2. HP: 19/19 MP: 2/2
   228 | D:1      | 228 ||| Stepping ~*~*~tactically~*~*~ (stealth).
   394 | D:1      | Reached skill level 3 in Axes
   582 | D:1      | Reached XP level 3. HP: 22/23 MP: 3/3
  1027 | D:1      | 1027 ||| UPGRADING to +0 cloak.
  1032 | D:1      | 1032 ||| UPGRADING to +0 helmet.
  1037 | D:1      | 1037 ||| READING scroll labelled DOOSHR VUNYANA.
  1038 | D:1      | 1038 ||| READING scroll labelled VYTAWU YWEM.
  1039 | D:1      | 1039 ||| READING scroll labelled KED CESUTSEOKH.
  1040 | D:1      | 1040 ||| READING scroll labelled VUANIO CAONGE.
  1177 | D:2      | Reached skill level 4 in Axes
  1177 | D:2      | Reached XP level 4. HP: 23/28 MP: 4/4
  1229 | D:2      | 1229 ||| Stepping ~*~*~tactically~*~*~ (stealth).
  1344 | D:2      | 1344 ||| Stepping ~*~*~tactically~*~*~ (hiding).
  1345 | D:2      | 1345 ||| Stepping ~*~*~tactically~*~*~ (hiding).
  1595 | D:2      | Found a faded altar of an unknown god.
  1743 | D:2      | 1743 ||| Stepping ~*~*~tactically~*~*~ (stealth).
  1793 | D:2      | Found Diotougi's Weapon Boutique.
  1796 | D:2      | 1796 ||| SHOPLISTING +12 morningstar of Fimbulwinter
                  | {freeze, rF+ Str+2 Dex+4} (1031 gold, have 38).
  1797 | D:2      | 1797 ||| DROPPING ring of magical power.
  1798 | D:2      | 1798 ||| READING scroll labelled NOLAFR IREMIK.
  1799 | D:2      | 1799 ||| READING scroll labelled ASTROS YHEL.
  1800 | D:2      | 1800 ||| READING scroll labelled CAUD DAHUAR COAXT.
  1801 | D:2      | 1801 ||| DRINKING 3 bubbling golden potions.
  1802 | D:2      | 1802 ||| DROPPING 2 potions of brilliance.
  1842 | D:3      | 1842 ||| Stepping ~*~*~tactically~*~*~ (stealth).
  1847 | D:3      | 1847 ||| Stepping ~*~*~tactically~*~*~ (stealth).
  1855 | D:3      | 1855 ||| Stepping ~*~*~tactically~*~*~ (stealth).
  1856 | D:3      | 1856 ||| Stepping ~*~*~tactically~*~*~ (stealth).
  1858 | D:3      | 1858 ||| Stepping ~*~*~tactically~*~*~ (stealth).
  1888 | D:3      | 1888 ||| Stepping ~*~*~tactically~*~*~ (stealth).
  1904 | D:3      | 1904 ||| Stepping ~*~*~tactically~*~*~ (stealth).
  1911 | D:3      | Reached XP level 5. HP: 32/32 MP: 5/5
  1918 | D:3      | Found a burning altar of Makhleb.
  1941 | D:3      | Found Wefoiz's Jewellery Emporium.
  1949 | D:3      | 1949 ||| SHOPLISTING amulet of regeneration (420 gold, have
                  | 76).
  1949 | D:3      | 1949 ||| SHOPLISTING ring "Com Ylet" {rN+ Str+4 Slay+3}
                  | (672 gold, have 76).
  1949 | D:3      | 1949 ||| SHOPLISTING ring of protection from cold (350
                  | gold, have 76).
  1949 | D:3      | 1949 ||| SHOPLISTING ring of resist corrosion (280 gold,
                  | have 76).
  1949 | D:3      | 1949 ||| SHOPLISTING ring of see invisible (210 gold, have
                  | 76).
  2019 | D:3      | Noticed Grinder
  2021 | D:3      | 2021 ||| FLEEEEING.
  2022 | D:3      | 2022 ||| FLEEEEING.
  2023 | D:3      | 2023 ||| FLEEEEING.
  2024 | D:3      | 2024 ||| FLEEEEING.
  2025 | D:3      | 2025 ||| FLEEEEING.
  2026 | D:3      | 2026 ||| FLEEEEING.
  2026 | D:3      | Paralysed by Grinder for 5 turns
  2040 | D:3      | HP: 6/32 [Grinder (3)]
  2041 | D:3      | Slain by Grinder

Levels and vault maps discovered:
D:1:      enne_arrival_octagon_isle, layout_basic, minmay_tetromino_s2
D:2:      layout_basic, ebering_ecumenical_altar_abandoned, serial_shops,
          nicolae_shop_real_fake_doors, minmay_cupped
D:3:      layout_rooms, nicolae_overflow_crystal_walls, serial_shops, shop,
          columned_hall_lemuel, uniq_grinder, uniq_jessica

Skill      XL: |  1  2  3 |
---------------+----------+-----
Axes           | 2 3 4 |  4.7
Fighting       | |  3.2
Armour         | |  3.2
Shields        | |  3.2

Action                     |  1- 3 |  4- 6 || total
---------------------------+-------+-------++-------
  Melee: War axe           |    99 |    63 ||   162
  Throw: Boomerang         |    25 |    33 ||    58
    Use: Scroll            |     4 |     3 ||     7
         Potion            |       |     1 ||     1
 Armour: Scale mail        |    51 |    39 ||    90
  Dodge: Dodged            |    56 |    26 ||    82
  Block: Buckler           |    16 |    10 ||    26

Table legend:
 A = Non-vault XP
 B = Vault XP
 C = Vault XP percentage of total XP
 D = Non-vault monster count
 E = Vault monster count
 F = Vault count percentage of total count
                 A         B        C        D         E       F
            +---------+---------+-------+---------+---------+-------
      Total |     190 |       3 |   1.6 |      57 |       2 |   3.4
            +---------+---------+-------+---------+---------+-------
        D:1 |      44 |       2 |   4.3 |      29 |       1 |   3.3
        D:2 |      81 |       1 |   1.2 |      17 |       1 |   5.6
        D:3 |      65 |       0 |   0.0 |      11 |       0 |   0.0
            +---------+---------+-------+---------+---------+-------
